Unix NetHack Version 5.0.0-0 post-release - last build May 23 2026 06:08:33 (1c0ff79ee797540d5714e4e18072db0edd9e58ae,branch:main).

Game began 2026-05-24 11:42:02, ended 2026-05-24 11:51:38.

Atomicjoy, chaotic male elven Wizard

      ------------
      |..........|
      |..........|
      |..........|
      |.....<.....#
      |..........|#
      --------|---#
              #   #
                  #
                  #
                 ##
                 #
                 #
     ----.-     ###
     |....|     # ----
     |....-######....|
     |..f@|       ..*.
     ------       ----

Atomicjoy the Evoker      St:9 Dx:13 Co:16 In:19 Wi:8 Ch:10  Chaotic
Dlvl:3  $:51 HP:5(12) Pw:8(8) AC:9  Xp:1/0 T:870 

Latest messages:
 You swap places with your kitten.
 You see here an iron skull cap.
 N - an iron skull cap.
 What do you want to wear? [N or ?*] n
 That is a silly thing to wear.
 You hear the footsteps of a guard on patrol.
 You see here an iron skull cap.
 You descend the stairs.
 You climb up the stairs.
 You hear the footsteps of a guard on patrol.
 You see here an iron skull cap.
 You swap places with your kitten.
 You swap places with your kitten.
 You swap places with your kitten.
 You stop.  Your kitten is in the way!
 You swap places with your kitten.
 You descend the stairs.
 You see here a dark green potion.
 O - a dark green potion.
 The door resists!
 The door opens.
 You swap places with your kitten.
 You find a hidden door.
 The door resists!
 The door opens.
 The gecko bites!
 The gecko bites!
 The kitten bites the gecko.
 The gecko misses the kitten.
 You miss the gecko.
 The kitten misses the gecko.
 The kitten misses the gecko.
 You hit the gecko!
 You knock the gecko back with a powerful blow!
 The kitten misses the gecko.
 You kill the gecko!
 You see here 7 gold pieces.
 In what direction? 2
 Ouch!  That hurts!
 In what direction? 2
 Ouch!  That hurts!
 Are you sure you want to pray? [yn] (n) y
 You begin praying to Anhur.
 You finish your prayer.
 The voice of Anhur booms out: 
 "Thou art arrogant, mortal."
 "Thou must relearn thy lessons!"
 You feel foolish!
 Really quit without saving? [yn] (n) y
 Do you want your possessions identified? [ynq] (y) q

Inventory:
 Coins    ('$')
  $ - 51 gold pieces
 Weapons  (')')
  J - 17 +0 arrows
  M - a +0 orcish dagger
  L - a cursed -3 orcish dagger
  a - a blessed +1 quarterstaff (weapon in hands)
 Armor    ('[')
  N - an uncursed +0 orcish helm
  b - an uncursed +0 cloak of magic resistance (being worn)
 Comestibles  ('%')
  E - 2 uncursed cram rations
  I - an uncursed pear
  B - an uncursed tripe ration
  s - a cursed tripe ration
  q - a blessed tin of smoked lichen
  C - an uncursed tin of spinach
  y - an uncursed lichen corpse
 Scrolls  ('?')
  k - an uncursed scroll of create monster
  i - an uncursed scroll of destroy armor
  j - an uncursed scroll of light
  p - a blessed scroll of teleportation
 Spellbooks  ('+')
  u - an uncursed spellbook of blank paper
  m - an uncursed spellbook of cure sickness
  l - a blessed spellbook of force bolt
 Potions  ('!')
  g - an uncursed potion of confusion
  O - a cursed potion of gain energy
  h - 2 uncursed potions of healing
  v - 2 cursed potions of healing
  f - 2 uncursed potions of water
 Rings    ('=')
  e - an uncursed ring of invisibility
  d - an uncursed ring of slow digestion (on right hand)
 Wands    ('/')
  w - a wand of digging (0:4)
  x - a wand of light (0:11)
  c - a wand of make invisible (0:5)
  A - a wand of polymorph (0:7)
 Tools    ('(')
  H - a bag of tricks (0:16)
  o - an uncursed wooden flute
  t - a cursed lock pick
  n - a magic marker (0:20)
  K - an uncursed towel
 Gems/Stones  ('*')
  D - an uncursed worthless piece of green glass
  G - a cursed worthless piece of yellowish brown glass

Atomicjoy the Wizard's attributes:

Background:
 You were an Evoker, a level 1 male elven Wizard.
 You were chaotic, on a mission for Anhur
 who was opposed by Ptah (lawful) and Thoth (neutral).
 You were right-handed.
 You were in the Dungeons of Doom, on level 3.
 You entered the dungeon 870 turns ago.
 You had 0 experience points, 20 were needed to attain level 2.

Basics:
 You had 5 out of 12 hit points.
 You had all 8 energy points (spell power).
 Your armor class was 9.
 Your wallet contained 51 zorkmids.
 Autopickup was off.

Final Characteristics:
 Your strength was 9 (limit:18).
 Your dexterity was 13 (limit:18).
 Your constitution was 16 (limit:16).
 Your intelligence was 19 (limit:20).
 Your wisdom was 8 (peak:9, limit:20).
 Your charisma was 10 (limit:18).

Final Status:
 You weren't hungry.
 You were unencumbered.
 You were wielding a quarterstaff.
 You had basic skill with quarterstaff.

Final Attributes:
 You were devoutly aligned.
 You were magic-protected.
 You had infravision.
 You had slower digestion.
 You were warded.
 You were unlucky.
 Anhur was angry with you.
 You survived.

Miscellaneous:
 You didn't encounter any bones levels.
 Total elapsed playing time was 9 minutes and 35 seconds.

Major events:
 Turn
    1: Atomicjoy the chaotic male elven Wizard entered the dungeon
  761: entered the Gnomish Mines
  870: quit

Spells:
 Name                 Level Category     Fail Retention
 force bolt             1   attack         0%  91%-100%
 cure sickness          3   healing       79%  76%-100%

Skills:
 Fighting Skills
   bare handed combat [Unskilled]
   riding             [Unskilled]
 Weapon Skills
   dagger             [Unskilled]
   knife              [Unskilled]
   axe                [Unskilled]
   short sword        [Unskilled]
   club               [Unskilled]
   mace               [Unskilled]
   quarterstaff       [Basic]
   polearms           [Unskilled]
   spear              [Unskilled]
   trident            [Unskilled]
   sling              [Unskilled]
   dart               [Unskilled]
   shuriken           [Unskilled]
 Spellcasting Skills
   attack spells      [Basic]
   healing spells     [Unskilled]
   divination spells  [Unskilled]
   enchantment spells [Basic]
   clerical spells    [Unskilled]
   escape spells      [Unskilled]
   matter spells      [Unskilled]

Voluntary challenges:
 Character rerolling was not enabled.
 You never genocided any monsters.
 You never polymorphed an object.
 You never changed form.
 You used no wishes.
Achievements:
 You entered a shop.
 You entered the Gnomish Mines.

 The Dungeons of Doom: levels 1 to 3
    Level 1:
       An altar.
    Level 2:
       A general store, a sink.
       Stairs down to The Gnomish Mines.
    Level 3: <- You were here.
 The Gnomish Mines:
    Level 3:


Vanquished creatures:
  a gecko
  3 jackals
  2 foxes
  a kobold
  3 goblins
  a grid bug
  2 lichens
  2 newts
15 creatures vanquished.

No species were genocided or became extinct.

Goodbye Atomicjoy the Wizard...

You quit in The Dungeons of Doom on dungeon level 3 with 231 points,
and 51 pieces of gold, after 870 moves.
You were level 1 with a maximum of 12 hit points when you quit.

